 Dungeon Crawl Stone Soup version 0.19.5 (webtiles) character file.

572 Megalobster the Conjurer (level 7, -2/36 HPs)
             Began as a Deep Elf Conjurer on Apr 15, 2017.
             Slain by a river rat (7 damage)
             ... summoned by airbag's ghost
             ... on level 5 of the Dungeon.
             The game lasted 00:17:07 (4607 turns).

Megalobster the Conjurer (Deep Elf Conjurer)        Turns: 4607, Time: 00:17:08

Health: -2/36      AC:  4    Str:  5    XL:     7   Next: 12%
Magic:  0/18       EV: 12    Int: 22    God:
Gold:   256        SH:  9    Dex: 18    Spells: 5 memorised, 3 levels left

rFire  . . .     SeeInvis +     s - -2 dagger
rCold  . . .     Gourm    .     a - +1 robe
rNeg   + + .     Faith    .     i - +0 buckler of Xom's Fury {rN+ rCorr Dex+3}
rPois  .         Spirit   .     (no helmet)
rElec  .         Reflect  +     v - +0 cloak
rCorr  +         Harm     .     (no gloves)
MR     .....                    (no boots)
Stlth  ++........               e - +5 amulet of reflection
                                o - ring of positive energy
                                u - ring of see invisible

@: no status effects
A: no striking features
a: no special abilities


You were on level 5 of the Dungeon.
You were not hungry.

You visited 1 branch of the dungeon, and saw 5 of its levels.

You collected 256 gold pieces.

Inventory:

Hand Weapons
 l - a +1 dagger of draining
 s - a -2 dagger (weapon)
Armour
 a - a +1 robe (worn)
 i - the +0 buckler of Xom's Fury (worn) {rN+ rCorr Dex+3}
   (You found it on level 4 of the Dungeon)

   It affects your dexterity (+3).
   It protects you from negative energy.
   It protects you from acid and corrosion.
 k - a +0 cloak
 t - a +0 robe
 v - a +0 cloak (worn)
 y - a +0 cloak
Jewellery
 e - a +5 amulet of reflection (around neck)
 o - a ring of positive energy (right hand)
 u - a ring of see invisible (left hand)
 w - a +5 ring of strength
Scrolls
 d - 2 scrolls of remove curse
 g - 4 scrolls of identify
 h - a scroll of recharging {unknown}
 j - a scroll of fear {unknown}
 n - a scroll of fog {unknown}
 p - a scroll of amnesia {unknown}
 r - 2 scrolls of immolation
Potions
 m - a potion of invisibility
Books
 b - a book of Conjurations

   Spells                             Type                      Level
   a - Magic Dart                     Conjuration                  1
   b - Searing Ray                    Conjuration                  2
   c - Dazzling Spray                 Conjuration/Hexes            3
   d - Fulminant Prism                Conjuration/Hexes            4
   e - Iskenderun's Mystic Blast      Conjuration                  4
   f - Iskenderun's Battlesphere      Conjuration/Charms           5
Comestibles
 c - 2 bread rations
 f - 3 meat rations
 x - a beef jerky


   Skills:
 - Level 2.4 Dodging
 - Level 2.4 Stealth
 + Level 0.0 Shields
 + Level 6.2 Spellcasting
 + Level 7.5 Conjurations
 * Level 4.1 Charms


You had 3 spell levels left.
You knew the following spells:

 Your Spells              Type           Power        Failure   Level  Hunger
a - Magic Dart            Conj           ####         1%          1    None
b - Searing Ray           Conj           #####.       1%          2    None
c - Dazzling Spray        Conj/Hex       ###...       12%         3    #......
d - Iskenderun's Battles  Conj/Chrm      ####....     43%         5    #####..
e - Iskenderun's Mystic   Conj           #####...     10%         4    ###....


Dungeon Overview and Level Annotations

Branches:
Dungeon (5/15)
 Temple: D:4-7

Altars:
Trog
Xom

Annotations:
D:5 airbag's ghost, novice MfSu


Message History

* * * LOW HITPOINT WARNING * * *
You hit the river rat but do no damage. The river rat barely misses you.
You hit the river rat but do no damage. You block the river rat's attack.
Casting: Searing Ray
Confirm with . or Enter, or press ? or * to list all spells.
Aiming: Searing Ray
Press: ? - help, Shift-Dir - straight line, f - airbag's ghost
Aim: airbag's ghost, wielding a vorpal weapon (heavily damaged)
The searing ray hits the river rat.
The river rat is moderately wounded. (Press . to maintain the ray.) Airbag's ghost casts a spell.
The crimson imp picks up a beetle and eats it.
The crimson imp blinks!
The river rat bites you but does no damage.
The searing ray misses the river rat.
The searing ray misses the rat.
The searing ray hits airbag's ghost.
Airbag's ghost is heavily damaged.
The river rat bites you!
You die...

#........#
...$...W#
#......r#
#..####r# #.
#o# . #.# #.#
#.###########
#..5rWrr@...#
###########.#
#


You could see airbag's ghost, a crimson imp, a river rat, a quokka and a rat.

Vanquished Creatures
  An ogre (D:4)
  The ghost of Turgon the Sneak, an amateur OpAr of Uskayaw (D:4)
  A bullfrog (D:4)
  An orc priest (D:4)
  3 orc wizards (D:4)
  An iguana (D:4)
  A hound zombie (D:5)
  7 gnolls (D:4)
  5 adders
  An ooze (D:1)
  2 worms (D:4)
  A dart slug (D:1)
  5 leopard geckos
  6 orcs
  A ball python (D:1)
  9 bats
  A giant cockroach (D:1)
  3 goblins (D:1)
  10 hobgoblins
  3 jackals (D:3)
  A quokka (D:2)
  7 frilled lizards
  9 kobolds
  A leopard gecko skeleton (D:4)
  A quokka skeleton (D:4)
  8 rats
90 creatures vanquished.

Notes
Turn   | Place    | Note
-------+----------+-------------------------------------------
     0 | D:1      | Megalobster the Deep Elf Conjurer began the quest for the Orb.
     0 | D:1      | Reached XP level 1. HP: 10/10 MP: 6/6
   187 | D:1      | Reached XP level 2. HP: 15/15 MP: 2/8
   245 | D:1      | Learned a level 2 spell: Searing Ray
   807 | D:1      | Reached skill level 5 in Conjurations
   810 | D:1      | Reached XP level 3. HP: 19/19 MP: 2/10
  1191 | D:2      | Found a shimmering altar of Xom.
  1192 | D:2      | Found a bloodstained altar of Trog.
  1437 | D:2      | Learned a level 3 spell: Dazzling Spray
  2316 | D:3      | Reached XP level 4. HP: 24/24 MP: 9/12
  2588 | D:3      | Found a faded altar of an unknown god.
  3172 | D:4      | Reached skill level 6 in Conjurations
  3303 | D:4      | Noticed an ogre
  3307 | D:4      | Reached XP level 5. HP: 13/28 MP: 10/14
  3311 | D:4      | Killed an ogre
  3311 | D:4      | Reached skill level 5 in Spellcasting
  3315 | D:4      | Reached skill level 7 in Conjurations
  3575 | D:4      | Reached XP level 6. HP: 32/32 MP: 10/16
  3586 | D:4      | Learned a level 5 spell: Iskenderun's Battlesphere
  3610 | D:4      | Noticed Turgon's ghost (amateur OpAr)
  3715 | D:4      | Killed Turgon's ghost
  4043 | D:4      | Learned a level 4 spell: Iskenderun's Mystic Blast
  4056 | D:4      | Reached XP level 7. HP: 36/36 MP: 10/18
  4344 | D:4      | Got a warped buckler
  4350 | D:4      | Identified the cursed +0 buckler of Xom's Fury {rN+ rCorr Dex+3} (You found it on level 4 of the Dungeon)
  4510 | D:5      | Entered Level 5 of the Dungeon
  4543 | D:5      | Noticed airbag's ghost (novice MfSu)
  4607 | D:5      | Slain by a river rat

Skill      XL: |  1  2  3  4  5  6 |
---------------+-------------------+-----
Conjurations   | 5 6 7 |  7.5
Spellcasting   | 4 5 6 |  6.2
Charms         | 4 |  4.1
Dodging        | |  2.4
Stealth        | |  2.4

Action                   |  1- 3 |  4- 6 |  7- 9 || total
-------------------------+-------+-------+-------++-------
Melee: Unarmed           |     2 |       |       ||     2
       Dagger            |       |       |    15 ||    15
 Cast: Magic Dart        |    66 |    48 |     7 ||   121
       Searing Ray       |     9 |    13 |     6 ||    28
  Use: Potion            |       |     3 |       ||     3
       Scroll            |       |       |     3 ||     3
  Eat: Chunk             |     4 |     3 |       ||     7
       Beef jerky        |       |     1 |       ||     1
       Bread ration      |       |     1 |       ||     1
Armor: Robe              |     3 |     2 |     6 ||    11
Dodge: Dodged            |     5 |     9 |    21 ||    35
Block: Other             |     1 |     3 |       ||     4
       Reflection        |     1 |     1 |       ||     2
       Buckler           |       |       |    18 ||    18
